 Dungeon Crawl Stone Soup version 0.31-a0-848-gaac375c287 (webtiles) character file.

Game seed: 6825333791653553833

2006 D12ThenQuit the Zephyrmancer (level 9, -4/45 HPs)
             Began as a Kobold Summoner on Oct 5, 2023.
             Was a Follower of Vehumet.
             Engulfed by a steam dragon's steam (13 damage)
             ... on level 6 of the Dungeon.
             The game lasted 00:19:27 (7532 turns).

D12ThenQuit the Zephyrmancer (Kobold Summoner)      Turns: 7532, Time: 00:19:28

Health: -4/45      AC:  6    Str:  5    XL:     9   Next: 45%
Magic:  5/12       EV: 15    Int: 20    God:    Vehumet [*.....]
Gold:   58         SH:  0    Dex: 18    Spells: 1/12 levels left

rFire   . . .        A - +5 dagger (flame)
rCold   . . .        (no shield)
rNeg    . . .        a - +1 robe
rPois   .            (no helmet)
rElec   .            (no cloak)
rCorr   .            (no gloves)
SInv    .            E - +2 pair of boots
Will    .....        j - amulet of Hedonism {Faith Regen+ Dex+2}
Stlth   +++          (no ring)
HPRegen 1.07/turn    (no ring)
MPRegen 0.13/turn

%: faith
@: no status effects
A: small, no large weapons, nightstalker 3
a: Renounce Religion


You were on level 6 of the Dungeon.
You worshipped Vehumet.
Vehumet was aware of your devotion.
You visited 1 branch of the dungeon, and saw 6 of its levels.

You collected 272 gold pieces.
You spent 214 gold pieces at shops.

Inventory:

Hand Weapons
 c - a +0 mace
 A - a +5 dagger of flaming (weapon)
Missiles
 x - a throwing net
Armour
 a - a +1 robe (worn)
 C - a +1 scale mail of fire resistance
 E - a +2 pair of boots (worn)
Jewellery
 g - a ring of ice
 j - the amulet of Hedonism (around neck) {Faith Regen+ Dex+2}
   (You found it on level 2 of the Dungeon)

   [amulet of faith]

   Faith:     It allows you to gain divine favour quickly.
   Dex+2:     It affects your dexterity (+2).
   Regen+:    It increases your rate of health regeneration.
 l - an amulet of magic regeneration
Wands
 D - a wand of charming (5)
Scrolls
 d - 5 scrolls of teleportation
 e - a scroll of immolation {unknown}
 f - a scroll of vulnerability {unknown}
 h - a scroll of enchant armour
 i - a scroll of fear {unknown}
 n - a scroll of silence {unknown}
 r - 2 scrolls of identify {unknown}
 t - a scroll of blinking {unknown}
 u - a scroll of amnesia {unknown}
 v - a scroll of brand weapon {unknown}
 y - a scroll of poison {unknown}
 F - a scroll of enchant weapon {unknown}
Potions
 b - a potion of magic
 k - 3 potions of heal wounds {unknown}
 m - 2 potions of haste {unknown}
 o - 3 potions of brilliance {unknown}
 p - 5 potions of curing {unknown}
 q - a potion of degeneration {unknown}
 s - a potion of ambrosia {unknown}
 w - a potion of resistance {unknown}
 z - 2 potions of enlightenment {unknown}
 B - a potion of invisibility {unknown}
 G - a potion of attraction {unknown}


   Skills:
 + Level 0.0 Fighting
 + Level 2.4 Dodging
 - Level 2.6 Stealth
 - Level 2.1 Spellcasting
 - Level 6.8 Summonings
 - Level 10.4 Air Magic


You had one spell level left.
You knew the following spells:

 Your Spells              Type           Power      Damage    Failure   Level
b - Summon Small Mammal   Summ           100%       N/A       1%          1
c - Call Canine Familiar  Summ           29%        N/A       2%          3
d - Summon Lightning Spi  Summ/Air       36%        N/A       4%          4
e - Summon Guardian Gole  Hex/Summ       15%        N/A       12%         3

Your spell library contained the following spells:

 Spells                   Type           Power      Damage    Failure   Level
 Sandblast                Erth           4%         2d4       16%         1
 Freeze                   Ice            8%         1d3       16%         1
 Slow                     Hex            8%         N/A       16%         1
 Call Imp                 Summ           58%        N/A       1%          2
 Confusing Touch          Hex            2%         N/A       43%         3
 Frozen Ramparts          Ice            4%         1d1       43%         3
 Hailstorm                Conj/Ice       2%         3d3       43%         3
 Sigil of Binding         Hex            2%         N/A       43%         3
 Vampiric Draining        Necr           2%         2d6       43%         3
 Olgreb's Toxic Radiance  Pois           2%         N/A       83%         4
 Discord                  Hex            1%         N/A       100%        8
 Ignition                 Fire           1%         3d3       100%        8


Dungeon Overview and Level Annotations

Branches:
Dungeon (6/15)             Temple (0/1) D:5

Altars:
Cheibriados
Fedhas
Kikubaaqudgha
Nemelex Xobeh
Okawaru
Qazlal
Vehumet
Yredelemnul
Zin

Shops:
D:6 [


Innate Abilities, Weirdness & Mutations

You are small and have problems with some larger weapons.
You are completely attuned to the shadows.


Message History

The bolt of electricity hits the electric eel.
The electric eel completely resists.
You swap places.
Your hound barely misses the electric eel.
The electric eel shoots out a bolt of lightning at you!
The bolt of electricity misses you.
The bolt of electricity hits your guardian golem.
Your guardian golem resists.
Your hound misses the electric eel.
You swap places.
Your hound misses the electric eel.
Unknown command.
Your hound misses the electric eel.
The electric eel shoots out a bolt of lightning at you!
The bolt of electricity hits you!
* * * LOW HITPOINT WARNING * * *
Your hound completely misses the electric eel.
You hear an angry hiss.
Your hound bites the electric eel.
Okay, then.
Unknown command.
The electric eel shoots out a bolt of lightning at you!
The bolt of electricity misses you.
Your hound closely misses the iguana.
The iguana attacks as it pursues you! The iguana barely misses you.
The iguana misses you. The iguana barely misses your hound.
A steam dragon comes into view.
The iguana bites your hound!
Casting: Call Canine Familiar (dangerous; 2% risk of failure)
Confirm with . or Enter, or press ? or * to list all spells.
An electric hum fills the air.
The steam dragon closely misses you. The steam dragon claws you.
The steam dragon breathes steam at you. The ball of steam hits your hound!!
Your hound dies!
Your hound's corpse disappears in a puff of smoke!
The ball of steam hits you!!
* * * LOW HITPOINT WARNING * * *
You are engulfed in a cloud of scalding steam.
You die...

..#.#####.#.###..# ####....
..)).............# #......#
..).....≈≈≈≈≈≈≈≈.##### #......#
.#######.......≈.....# #......#
.# .....######.≈####.#####..)...#
.# ≈≈≈≈≈.....#.≈.# #.#...<...))..
.#.≈....≈≈≈≈.#.≈.###.#####......#
.#.≈.###...≈.#.≈.....# #..8...#
.#.≈.#_.##.≈.#.§@##### ####.###
.#.≈.#.. .≈.#.≈§# #.# # #.≈.#.≈.
#.≈§8# #.### #.≈.#.≈≈ #.D.l#
#.... #.≈.# ≈≈ #.≈..# #.###
#.≈.####.. #.≈..# ###
#.≈.....#####.≈..#
#.≈≈≈≈S≈......≈..#
#.h9§...≈≈≈≈≈≈≈..#


You could see a steam dragon (ally target), an iguana and a friendly lightning
spire (summoned).

Vanquished Creatures
  A yak (D:6)
  A sky beast (D:6)
  A centaur (D:5)
  An electric eel (D:6)
  A howler monkey (D:5)
  A hound (D:5)
  An orc priest (D:4)
  A sleepcap (D:5)
  An iguana (D:6)
  An orc wizard (D:6)
  3 adders
  An ufetubus (D:5)
  2 dart slugs
  8 orcs
  3 endoplasms
  2 giant cockroaches (D:1)
  A goblin (D:3)
  5 hobgoblins
  4 quokkas
  4 ball pythons
  2 bats
  A frilled lizard (D:1)
  A kobold (D:1)
  3 rats
50 creatures vanquished.

Vanquished Creatures (collateral kills)
  Sigmund (D:2)
  3 yaks (D:6)
  An orc warrior (D:6)
  A sky beast (D:3)
  An ice beast (D:6)
  2 ogres
  A scorpion (D:3)
  3 orc priests (D:5)
  A jelly (D:6)
  2 iguanas
  An orc wizard (D:5)
  6 adders
  An ufetubus (D:4)
  A dart slug (D:1)
  12 orcs
  5 endoplasms
  2 giant cockroaches
  3 goblins
  A hobgoblin (D:2)
  2 jackals (D:1)
  2 quokkas
  2 ball pythons (D:2)
  2 bats (D:1)
  3 frilled lizards (D:1)
  2 kobolds
  A rat (D:1)
62 creatures vanquished.

Grand Total: 112 creatures vanquished

Notes
Turn   | Place    | Note
-------+----------+-------------------------------------------
     0 | D:1      | D12ThenQuit the Kobold Summoner began the quest for the
                  | Orb.
     0 | D:1      | Reached XP level 1. HP: 10/10 MP: 3/3
   235 | D:1      | Reached XP level 2. HP: 14/15 MP: 3/5
   473 | D:1      | Reached XP level 3. HP: 19/19 MP: 4/6
   921 | D:1      | Found a faded altar of an unknown god.
  1006 | D:1      | Reached skill level 5 in Summonings
  1360 | D:2      | Noticed Sigmund
  1361 | D:2      | Identified the amulet of Hedonism {Faith Regen+ Dex+2}
  1451 | D:1      | Learned a level 3 spell: Call Canine Familiar
  1623 | D:2      | Killed Sigmund
  1624 | D:2      | Reached XP level 4. HP: 19/24 MP: 3/7
  1624 | D:2      | Reached XP level 5. HP: 22/28 MP: 3/8
  1624 | D:2      | Reached XP level 6. HP: 25/32 MP: 3/9
  1642 | D:2      | Learned a level 4 spell: Summon Lightning Spire
  2038 | D:2      | Reached skill level 1 in Air Magic
  2321 | D:2      | Reached skill level 2 in Air Magic
  2514 | D:3      | Found a stormy altar of Qazlal.
  2514 | D:3      | Noticed a sky beast
  2872 | D:3      | Found a blossoming altar of Fedhas.
  2892 | D:3      | Reached skill level 3 in Air Magic
  3171 | D:3      | Killed a sky beast
  3172 | D:3      | Reached skill level 4 in Air Magic
  3172 | D:3      | Reached XP level 7. HP: 36/36 MP: 4/10
  3630 | D:4      | Reached skill level 5 in Air Magic
  3822 | D:4      | Found a radiant altar of Vehumet.
  3836 | D:4      | Became a worshipper of Vehumet
  3895 | D:4      | Found a sparkling altar of Nemelex Xobeh.
  4169 | D:4      | Found a glowing silver altar of Zin.
  4169 | D:4      | Noticed an angel
  4435 | D:4      | Found an iron altar of Okawaru.
  4483 | D:5      | Entered Level 5 of the Dungeon
  4882 | D:5      | Reached skill level 6 in Air Magic
  4882 | D:5      | Reached XP level 8. HP: 41/41 MP: 9/11
  4990 | D:5      | Found an ancient bone altar of Kikubaaqudgha.
  5163 | D:5      | Found a staircase to the Ecumenical Temple.
  5257 | D:5      | Reached * piety under Vehumet
  5257 | D:5      | Offered knowledge of Sandblast by Vehumet.
  5443 | D:5      | Reached skill level 7 in Air Magic
  5521 | D:5      | Found a snail-covered altar of Cheibriados.
  6593 | D:6      | Noticed a yak
  6593 | D:6      | Noticed a yak
  6593 | D:6      | Noticed a yak
  6597 | D:6      | Noticed a yak
  6760 | D:6      | Reached skill level 8 in Air Magic
  6831 | D:6      | Killed a yak
  6832 | D:6      | Reached XP level 9. HP: 45/45 MP: 6/12
  6836 | D:6      | Reached skill level 9 in Air Magic
  6899 | D:6      | Reached skill level 10 in Air Magic
  7095 | D:6      | Found Ucruqu's Armour Shop.
  7102 | D:6      | Bought a +2 pair of boots for 214 gold pieces
  7261 | D:6      | Learned a level 3 spell: Summon Guardian Golem
  7383 | D:6      | Found a basalt altar of Yredelemnul.
  7532 | D:6      | Engulfed by a steam dragon's steam

Illustrated notes

Levels and vault maps discovered:
D:1:      elethiomel_arrival_maze, layout_basic, chequers_ecumenical_altar_lobes
D:2:      layout_loops_cross, serial_glass, glass_columns_a, glass_columns_b,
          glass_columns_a, glass_columns_a, glass_columns_c, glass_columns_c,
          uniq_sigmund
D:3:      layout_loops_ring, nicolae_qazlal_beasts_of_the_sky,
          fedhas_altar_fruit_tree
D:4:      layout_loops_ring, zin_angel, okawaru_gym_becter, vehumet_crystals,
          lemuel_coloured_pillars_altar
D:5:      layout_basic, nicolae_kikubaaqudgha_miasma_corner,
          mainiacjoe_overflow_brackets, minmay_temple_entry_hall,
          kennysheep_cross_bottleneck, minmay_misc_feat_enclosed
D:6:      layout_basic, nicolae_overflow_squiral, serial_shops,
          nicolae_shop_trees

Skill      XL: |  1  2  3  4  5  6  7  8  9 |
---------------+----------------------------+-----
Summonings     | 6 |  6.8
Air Magic      | 4 6 8 10 | 10.4
Dodging        | |  2.4
Stealth        | |  2.6
Spellcasting   | |  2.1

Action                     |  1- 3 |  4- 6 |  7- 9 || total
---------------------------+-------+-------+-------++-------
  Melee: Mace              |    51 |    66 |    41 ||   158
         Punch             |       |     1 |       ||     1
         Dagger            |       |       |    44 ||    44
   Cast: Summon Small Mamm |    31 |    30 |    60 ||   121
         Call Canine Famil |     3 |     6 |    22 ||    31
         Summon Lightning  |       |     1 |    11 ||    12
         Summon Guardian G |       |       |     2 ||     2
    Use: Scroll            |       |       |     2 ||     2
   Stab: Sleeping          |     5 |     7 |     6 ||    18
         Distracted        |       |     1 |     2 ||     3
 Armour: Robe              |    35 |    35 |    69 ||   139
  Dodge: Dodged            |    44 |    68 |    92 ||   204

Table legend: (Time is in decaauts)
 A = Elapsed time spent in this place.
 B = Non-inter-level travel time spent in this place.
 C = Inter-level travel time spent in this place.
 D = Time resting spent in this place.
 E = Time spent auto-exploring this place.
 F = Levels seen in this place.
 G = Mean time per level.
                   A        B        C        D        E       F      G
               +--------+--------+--------+--------+--------+-----+--------+
         Total |   7595 |   7358 |    237 |    386 |   5011 |   6 | 1265.8 |
       Dungeon |   7595 |   7358 |    237 |    386 |   5011 |   6 | 1265.8 |
               +--------+--------+--------+--------+--------+-----+--------+

Top non-repeatable levels by time:
     D:5: 1596 daAuts
     D:1: 1550 daAuts
     D:6: 1460 daAuts
     D:4: 1062 daAuts
     D:2: 1022 daAuts
     D:3: 902 daAuts
